 Dungeon Crawl Stone Soup version 0.25.1-2-g60ff931 (webtiles) character file.

Game seed: 7022084268161400903

103 Arctor the Conjurer (level 4, -4/24 HPs)
             Began as a Gargoyle Wizard on Sept 9, 2020.
             Slain by Duvessa
             ... wielding a +2 vampiric short sword
              (10 damage)
             ... on level 4 of the Dungeon.
             The game lasted 00:05:20 (2216 turns).

Arctor the Conjurer (Gargoyle Wizard)               Turns: 2216, Time: 00:05:20

Health: -4/24      AC:  5    Str: 10 (11) XL:     4   Next: 79%
Magic:  8/8        EV: 11    Int: 17 (19) God:
Gold:   136        SH:  0    Dex:  6 (8)  Spells: 2/9 levels left

rFire    . . .     SeeInvis .   e - +0 short sword
rCold    . . .     Gourm    .   (no shield)
rNeg     + . .     Faith    .   a - +0 robe
rPois    ∞         Spirit   .   b - +0 hat
rElec    +         Reflect  .   (no cloak)
rCorr    .         Harm     .   (no gloves)
MR       .....                  (no boots)
Stlth    ++........             c - amulet of the acrobat
HPRegen  0.08/turn              (no ring)
MPRegen  0.11/turn              (no ring)

@: no status effects
A: negative energy resistance 1, electricity resistance, unbreathing,
petrification resistance, rot immunity, AC +3
a: no special abilities


You were on level 4 of the Dungeon.
You were near starving.

You visited 1 branch of the dungeon, and saw 3 of its levels.

You collected 136 gold pieces.

Inventory:

Hand Weapons
 e - a +0 short sword (weapon)
Missiles
 m - 4 boomerangs (quivered)
Armour
 a - a +0 robe (worn)
 b - a +0 hat (worn)
Jewellery
 c - an amulet of the acrobat (around neck)
Scrolls
 g - a scroll of magic mapping
 h - a scroll of identify
 i - a scroll of teleportation
Comestibles
 d - 7 rations


   Skills:
 - Level 1.5 Dodging
 - Level 2.1 Stealth
 - Level 3.0 Spellcasting
 + Level 4.9 Conjurations
   Level 0.8 Summonings
   Level 0.8 Translocations


You had 2 spell levels left.
You knew the following spells:

 Your Spells              Type           Power        Failure   Level  Hunger
a - Magic Dart            Conj           ###.         2%          1    None
b - Conjure Flame         Conj/Fire      ##......     19%         3    ###....
c - Mephitic Cloud        Conj/Pois/Air  #.......     26%         3    ###....

Your spell library contained the following spells:

 Spells                   Type           Power        Failure   Level  Hunger
 Blink                    Tloc           N/A          19%         2    ##.....
 Call Imp                 Summ           #.......     19%         2    ##.....
 Slow                     Hex            #.......     26%         2    ##.....


Dungeon Overview and Level Annotations

Branches:
Dungeon (2/15)

Altars:

Annotations:
D:2 Jessica
D:4 Dowan, Duvessa


Innate Abilities, Weirdness & Mutations

You are resistant to torment.
Your stone body is resilient. (AC +3)
You are immune to poison.
You resist negative energy. (rN+)
You are resistant to electric shocks. (rElec)
You can survive without breathing.
You are immune to petrification.
You are immune to rotting.


Message History

The spell is extremely dangerous to cast (26% risk of failure)!
Continue anyway? [Y]es or [N]o only, please.
The spell is extremely dangerous to cast (26% risk of failure)!
Continue anyway?
Okay, then.
As you read the scroll labeled EWOARA WOISCH, it crumbles to dust.
The creatures around you are filled with an inner flame!
It was a scroll of immolation.
Duvessa closely misses you. Dowan hits you but does no damage.
As you read the scroll labeled OLILOMN PURHU, it crumbles to dust.
You feel aware of your surroundings.
You sensed 1 shop/portal.
It was a scroll of magic mapping.
Duvessa hits you with a +2 vampiric short sword.
Dowan hits you but does no damage.
Duvessa hits you with a +2 vampiric short sword.
* * * LOW HITPOINT WARNING * * *
As you read the scroll labeled NULOIL YCUNEU, it crumbles to dust.
It is a scroll of identify.
i - a scroll of teleportation Duvessa hits you with a +2 vampiric short sword!
You die...

#..........#
*,,,,,,,,.#
##...##.....#
**,,,,,,,,*
##..###......#
**,,,,,,,*
..#####...(..#
*,,,,,,,* .##
#.......##
**,,,,,,, ##
#........##
**,,,,,,
#......#..##
****,,, ###
#......##..##
**..,* ..##
##....####.@##
**...** ...#
#....* ##ee##
*...#* ...##
##..#* ##..##
*#..##** ....##
###* ##..##
*#.....,* .....#
##..##*#......,*
.....#
##..##.......,*
.....#
##..........,*
.....#
##..#......,*
.....#
##.#,.....,*


You could see Duvessa (fast, inner flame) and Dowan (inner flame).

Vanquished Creatures
  A scorpion (D:4)
  An adder (D:2)
  An ooze (D:1)
  2 dart slugs
  2 leopard geckos (D:1)
  A giant cockroach (D:2)
  6 goblins
  5 hobgoblins
  2 jackals (D:4)
  4 kobolds
  A quokka (D:2)
  A ball python (D:1)
  3 bats (D:1)
  4 frilled lizards (D:1)
  4 rats (D:1)
38 creatures vanquished.

Notes
Turn   | Place    | Note
-------+----------+-------------------------------------------
     0 | D:1      | Arctor the Gargoyle Wizard began the quest for the Orb.
     0 | D:1      | Reached XP level 1. HP: 10/10 MP: 4/4
   130 | D:1      | Reached skill level 2 in Conjurations
   213 | D:1      | Reached XP level 2. HP: 14/15 MP: 0/6
   519 | D:1      | Reached skill level 3 in Conjurations
   519 | D:1      | Reached XP level 3. HP: 19/19 MP: 0/7
  1314 | D:2      | Noticed Jessica
  1353 | D:1      | Learned a level 3 spell: Mephitic Cloud
  1357 | D:1      | Learned a level 3 spell: Conjure Flame
  1721 | D:2      | Reached skill level 4 in Conjurations
  1760 | D:2      | You fall into a shaft and drop 2 floors!
  1774 | D:4      | Reached XP level 4. HP: 24/24 MP: 2/8
  2194 | D:4      | Noticed Duvessa
  2194 | D:4      | Noticed Dowan
  2216 | D:4      | Slain by Duvessa

Illustrated notes

Levels and vault maps discovered:
D:1:      evilmike_arrival_rings, layout_rooms
D:2:      layout_rooms, nicolae_overflow_crystal_walls,
          roderic_nine_men_s_morris, grunt_ministairs_12,
          minmay_indecisive_spiral, uniq_jessica
D:4:      layout_cave_pods, serial_shops, shop_fountains, first_ration,
          uniq_duvessa

Skill      XL: |  1  2  3 |
---------------+----------+-----
Conjurations   | 2 3 4 |  4.9
Dodging        | |  1.5
Stealth        | |  2.1
Spellcasting   | |  3.0
Summonings     | |  0.8
Translocations | |  0.8

Action                   |  1- 3 |  4- 6 || total
-------------------------+-------+-------++-------
Melee: Unarmed           |    13 |       ||    13
       Short sword       |    25 |    10 ||    35
 Cast: Magic Dart        |    86 |    12 ||    98
  Use: Potion            |     1 |     4 ||     5
       Scroll            |       |     3 ||     3
  Eat: Chunk             |     2 |       ||     2
Armor: Robe              |    18 |     3 ||    21
Dodge: Dodged            |    43 |    10 ||    53
